 Dungeon Crawl Stone Soup version 0.30.1 (webtiles) character file.

Game seed: 1379171471536676454

39 4Hooves2Appendages the Digger (level 3, -2/30 HPs)
             Began as a Hill Orc Wanderer on July 3, 2023.
             Slain by Natasha (4 damage)
             ... on level 2 of the Dungeon.
             The game lasted 00:27:08 (1163 turns).

4Hooves2Appendages the Digger (Hill Orc Wanderer)   Turns: 1163, Time: 00:27:08

Health: -2/30      AC:  8    Str: 13    XL:     3   Next: 47%
Magic:  5/5        EV:  6    Int: 14    God:
Gold:   79         SH:  0    Dex: 11    Spells: 3/5 levels left

rFire   . . .        a - +0 great mace
rCold   . . .        (shield currently unavailable)
rNeg    . . .        l - +0 chain mail
rPois   .            (no helmet)
rElec   .            (no cloak)
rCorr   .            (no gloves)
SInv    .            (no boots)
Will    .....        k - amulet of the acrobat Stlth
                     (no ring)
HPRegen 0.25/turn    (no ring)
MPRegen 0.09/turn

%: acrobat
@: slowed, very slow
A: no striking features
a: no special abilities


You were on level 2 of the Dungeon.
You visited 1 branch of the dungeon, and saw 2 of its levels.

You collected 79 gold pieces.

Inventory:

Hand Weapons
 a - a +0 great mace (weapon)
 b - a +0 sling
 g - a +0 dagger
 h - a +0 club
 o - a +0 hand axe
 p - a +0 whip
 r - a +0 mace
Missiles
 n - 6 stones (quivered)
Armour
 c - a +0 robe
 f - a +0 leather armour
 l - a +0 chain mail (worn)
Jewellery
 k - an amulet of the acrobat (around neck)
Scrolls
 d - 2 scrolls of fog
 e - a scroll of summoning
 j - a scroll of amnesia {unknown}
Potions
 i - 2 potions of lignification {unknown}
 m - 2 potions of might {unknown}
 q - a potion of curing {unknown}


   Skills:
 + Level 2.6 Fighting
 * Level 1.2 Maces & Flails
 + Level 0.7 Armour
 - Level 1.5 Spellcasting
 - Level 1.2 Fire Magic
 - Level 4.0 Earth Magic
 - Level 2.0 Poison Magic
 - Level 1.0 Evocations


You had 3 spell levels left.
You knew the following spells:

 Your Spells              Type           Power      Damage    Failure   Level
a - Sandblast             Erth           24%        2d8       73%         1
b - Sting                 Tmut/Pois      12%        1d3       98%         1

Your spell library contained the following spells:

 Spells                   Type           Power      Damage    Failure   Level
 Ensorcelled Hibernation  Hex/Ice        2%         N/A       100%        2
 Ignite Poison            Fire/Tmut/Pois 4%         N/A       100%        3
 Inner Flame              Hex/Fire       2%         N/A       100%        3
 Spider Form              Tmut/Pois      3%         N/A       100%        3
 Anguish                  Hex/Necr       0%         N/A       100%        4
 Animate Armour           Summ/Erth      12%        N/A       100%        4
 Leda's Liquefaction      Hex/Erth       3%         N/A       100%        4
 Yara's Violent Unravell  Hex/Tmut       0%         3d3       100%        5
 Enfeeble                 Hex            0%         N/A       100%        7


Dungeon Overview and Level Annotations

Branches:
Dungeon (2/15)

Altars:

Annotations:
D:2 Natasha


Message History

The cerulean imp hits you but does no damage.
Natasha claws you but does no damage.
You closely miss Natasha.
Natasha is almost dead.
The cerulean imp hits you but does no damage.
Natasha barely misses you. The cerulean imp barely misses you.
Natasha claws you!
* * * LOW HITPOINT WARNING * * *
You barely miss Natasha.
Natasha is almost dead.
The cerulean imp barely misses you. Natasha claws you but does no damage.
The cerulean imp hits you but does no damage.
Natasha barely misses you. The cerulean imp barely misses you.
Natasha claws you but does no damage.
You barely miss Natasha.
Natasha is almost dead.
The cerulean imp closely misses you. Natasha claws you.
* * * LOW HITPOINT WARNING * * *
The cerulean imp hits you but does no damage.
Natasha claws you but does no damage.
You closely miss Natasha.
Natasha is almost dead.
The cerulean imp hits you but does no damage.
Natasha barely misses you.
The cerulean imp hits you from afar with a +0 spear.
* * * LOW HITPOINT WARNING * * *
Natasha claws you but does no damage.
The cerulean imp hits you but does no damage.
You barely miss Natasha.
Natasha is almost dead.
The cerulean imp disappears in a puff of smoke!
Natasha claws you but does no damage. The cerulean imp barely misses you.
Natasha hisses.
Natasha claws you but does no damage.
The cerulean imp hits you but does no damage.
A kobold comes into view. It is wielding a +0 whip.
Natasha wildly gestures.
Natasha shimmers violently.
Natasha claws you.
You die...

##### #...>.......#
#..†........#
#...........#
#....######## ###.##
#.#### #########....#
........#....####
.$.....55h@..÷÷.#
.......§#######.#####
........#<# #.....#
...K....#.#########.#
........#.#.......#.#
#########.#.####....#
#.#.# ###### #.#.#
#...#


You could see Natasha, 2 cerulean imps and a kobold (wandering).

Vanquished Creatures
  An adder (D:2)
  A worm (D:2)
  A dart slug (D:1)
  A ball python (D:2)
  A bat (D:1)
  2 endoplasms
  3 goblins (D:1)
  3 hobgoblins (D:1)
  3 jackals (D:2)
  3 kobolds
  2 quokkas
  A rat (D:2)
22 creatures vanquished.

Notes
Turn   | Place    | Note
-------+----------+-------------------------------------------
     0 | D:1      | 4Hooves2Appendages the Hill Orc Wanderer began the quest
                  | for the Orb.
     0 | D:1      | 4Hooves2Appendages set off with the following items: a +0
                  | club, a scroll of summoning, a +0 robe, a scroll of fog;
                  | and the following spells available to memorise: Sandblast,
                  | Sting, Ignite Poison, Animate Armour, Leda's Liquefaction.
     0 | D:1      | Reached XP level 1. HP: 16/16 MP: 3/3
     2 | D:1      | Learned a level 1 spell: Sandblast
     4 | D:1      | Learned a level 1 spell: Sting
   208 | D:1      | Reached XP level 2. HP: 24/24 MP: 2/4
   368 | D:1      | Reached skill level 1 in Fire Magic
   968 | D:2      | Reached XP level 3. HP: 27/30 MP: 5/5
  1002 | D:2      | Reached skill level 1 in Maces & Flails
  1143 | D:2      | Noticed Natasha
  1163 | D:2      | Slain by Natasha

Illustrated notes

Levels and vault maps discovered:
D:1:      ebering_hopf_link, layout_rooms, chequers_serial_rivers_micro_e
D:2:      layout_basic, uniq_jessica, uniq_sigmund, uniq_natasha, uniq_robin

Skill      XL: |  1  2  3 |
---------------+----------+-----
Fighting       | 2 |  2.6
Poison Magic   | 2 |  2.0
Fire Magic     | 1 |  1.2
Maces & Flails | 1 |  1.2
Armour         | |  0.7
Spellcasting   | |  1.5
Earth Magic    | |  4.0
Evocations     | |  1.0

Action                     || total
---------------------------++-------
  Melee: Great mace        ||    41
         Mace              ||    13
  Throw: Stone             ||     2
   Cast: Sandblast         ||    18
         Sting             ||     4
 Armour: Robe              ||     3
         Chain mail        ||    52
  Dodge: Dodged            ||    27
